 Dungeon Crawl Stone Soup version 0.31-a0-1591-g515db51633 (webtiles) character file.

Game seed: 7423922945468142819

249 Flugslaktarn the Apothecary (level 6, -15/36 HPs)
             Began as an Octopode Alchemist on Jan 6, 2024.
             Demolished by an ogre
             ... wielding a +0 giant club
              (18 damage)
             ... on level 4 of the Dungeon.
             The game lasted 00:03:19 (890 turns).

Flugslaktarn the Apothecary (Octopode Alchemist)     Turns: 890, Time: 00:03:19

Health: -15/36     AC:  1    Str:  7    XL:     6   Next: 12%
Magic:  1/11       EV: 13    Int: 19    God:
Gold:   117        SH:  0    Dex: 13    Spells: 7/12 levels left

rFire   . . .        f - +2 dagger (flame)
rCold   . . .        (no shield)
rNeg    . . .        (helmet restricted)
rPois   .            h - amulet of faith
rElec   .            b - ring of wizardry
rCorr   .            (no ring)
SInv    .            (no ring)
Will    .....        (no ring)
Stlth   +++          (no ring)
HPRegen 0.26/turn    (no ring)
MPRegen 0.12/turn    (no ring)
                     (no ring)

%: faith, wizardry (x1)
@: radiating poison
A: almost no armour, amphibious, 8 rings, camouflage 1, gelatinous body 1,
(nimble swimmer 1), tentacles
a: no special abilities


You were on level 4 of the Dungeon.
You visited 1 branch of the dungeon, and saw 5 of its levels.

You collected 117 gold pieces.

Inventory:

Hand Weapons
 f - a +2 dagger of flaming (weapon)
   (You took it off a goblin on level 1 of the Dungeon)
 g - a +1 dagger of freezing
   (You took it off a goblin on level 3 of the Dungeon)
Jewellery
 b - a ring of wizardry (left tentacle)
   (You found it on level 1 of the Dungeon)
 h - an amulet of faith (around mantle)
   (You found it on level 3 of the Dungeon)
Wands
 j - a wand of flame (15)
   (You took it off Natasha on level 4 of the Dungeon)
Scrolls
 c - 2 scrolls of enchant weapon
 i - a scroll of acquirement
 r - 2 scrolls of identify
Potions
 a - a potion of magic


   Skills:
 - Level 2.0 Dodging
 - Level 2.6 Stealth
 + Level 3.6 Spellcasting
 - Level 1.0 Conjurations
 * Level 6.2 Alchemy


You had 7 spell levels left.
You knew the following spells:

 Your Spells              Type           Power      Damage    Failure   Level
a - Sting                 Conj/Alch      68%        1d7       1%          1
b - Olgreb's Toxic Radia  Alch           27%        N/A       4%          4

Your spell library contained the following spells:

 Spells                   Type           Power      Damage    Failure   Level
 Mercury Vapours          Alch/Air       30%        N/A       2%          2
 Mephitic Cloud           Conj/Alch/Air  12%        N/A       6%          3
 Call Imp                 Summ           6%         N/A       9%          2
 Sublimation of Blood     Necr           3%         N/A       9%          2
 Sticky Flame             Fire/Alch      15%        2d5       16%         4
 Summon Hydra             Summ           1%         N/A       100%        7


Dungeon Overview and Level Annotations

Branches:
Dungeon (5/15)
 Temple: D:4-7

Altars:
Qazlal
Wu Jian
Xom


Innate Abilities, Weirdness & Mutations

You cannot wear most types of armour.
You are amphibious.
You can wear up to eight rings at the same time.
Your skin changes colour to match your surroundings (Stealth+).
Your rubbery body absorbs attacks. (AC +1, EV +1)
((You are camouflaged when in or above water. (Stealth+)))
You have tentacles for arms and can constrict up to eight enemies at once.


Message History

Confirm with . or Enter, or press ? or * to list all spells.
You can't see any susceptible monsters within range! (Use Z to cast anyway.)
Your toxic aura wanes.
The orc shouts!
Casting: Sting (safe; 1% risk of failure)
Confirm with . or Enter, or press ? or * to list all spells.
Aiming: Sting (safe; 1% risk of failure)
Press: ? - help, Shift-Dir - straight line, f - orc
Aim: an orc, wielding a +1 heavy flail (74% to hit)
The sting misses the orc.
The orc closely misses you.
You hit the orc. You burn the orc. Your grab misses the orc.
You squeeze the orc.
You kill the orc!
You have reached level 6!
You see here a +1 heavy flail.
Found a mace.
You see here a +0 mace.
Natasha, Servant of Life and Death comes into view.
She is carrying a wand of flame.
Casting: Sting (safe; 1% risk of failure)
Confirm with . or Enter, or press ? or * to list all spells.
Okay, then.
Casting: Sting (safe; 1% risk of failure)
Confirm with . or Enter, or press ? or * to list all spells.
You begin to radiate toxic energy.
Natasha hisses angrily.
Natasha is poisoned.
Natasha looks even sicker.
Natasha zaps a wand.
The puff of flame hits you!
Casting: Olgreb's Toxic Radiance (quite dangerous; 4% risk of failure)
Confirm with . or Enter, or press ? or * to list all spells.
Aiming: Sting (safe; 1% risk of failure)
Press: ? - help, Shift-Dir - straight line, f - Natasha
Aim: Natasha, carrying a wand of flame (lightly wounded, very poisoned, 67% to hit)
The sting hits Natasha.
Natasha looks even sicker.
Natasha is moderately wounded.
Natasha casts a spell at you. You resist with some effort.
Your toxic aura wanes.
You barely miss Natasha. You grab Natasha.
Natasha is severely wounded.
You constrict Natasha, but do no damage.
Natasha zaps a wand.
The puff of flame hits you!
You hit Natasha but do no damage. You squeeze Natasha.
You kill Natasha!
You feel Natasha's spirit has finally been put to rest.
You see here a wand of flame (15).
You see here a wand of flame (15).
j - a wand of flame (15)
The ogre shouts!
The ogre attacks as it pursues you!
The ogre hits you with a +0 giant club!!
Ouch! That really hurt!
* * * LOW HITPOINT WARNING * * *
Okay, then.
It was a potion of ambrosia.
You are confused.
You feel invigorated. The ogre barely misses you.
You feel less invigorated.
You feel less confused.
As you read the scroll labelled VENIYX KAU, it crumbles to dust.
It is a scroll of identify.
c - 2 scrolls of enchant weapon;
r - 2 scrolls of identify The ogre barely misses you.
Okay, then.
This is a scroll of acquirement!
Okay, then.
You are confused.
You feel invigorated. The ogre closely misses you.
Unknown command.
You bump into the rock wall.
You feel less invigorated.
You feel less confused.
Casting: Sting (safe; 1% risk of failure)
Confirm with . or Enter, or press ? or * to list all spells.
You begin to radiate toxic energy.
The ogre is poisoned.
The ogre hits you with a +0 giant club!!
Ouch! That really hurt!
* * * LOW HITPOINT WARNING * * *
Casting: Olgreb's Toxic Radiance (quite dangerous; 4% risk of failure)
Confirm with . or Enter, or press ? or * to list all spells.
Your toxic radiance grows in intensity.
The ogre looks even sicker.
The ogre misses you.
Casting: Olgreb's Toxic Radiance (quite dangerous; 4% risk of failure)
Confirm with . or Enter, or press ? or * to list all spells.
Aiming: Sting (safe; 1% risk of failure)
Press: ? - help, Shift-Dir - straight line, f - ogre
Aim: an ogre, wielding a +0 giant club (moderately wounded, very poisoned, 88% to hit)
The sting hits the ogre.
The ogre looks even sicker.
The ogre is heavily wounded.
The ogre looks as sick as possible!
Casting: Sting (safe; 1% risk of failure)
Confirm with . or Enter, or press ? or * to list all spells.
Aiming: Sting (safe; 1% risk of failure)
Press: ? - help, Shift-Dir - straight line, f/p - ogre
Aim: an ogre, wielding a +0 giant club (heavily wounded, extremely poisoned, 88% to hit)
The sting hits the ogre.
The ogre looks as sick as possible!
The ogre is severely wounded.
The ogre hits you with a +0 giant club!!
Ouch! That really hurt!
You die...

## ##. ##..###
#....@## #.#..O.#
######
#....####..#.##
#...#...........#
...#.............#
.#...#........#.##
...#..........#
........##....##
...........#...# #


You could see an ogre (extremely poisoned).

Vanquished Creatures
  A howler monkey (D:3)
  2 bombardier beetles (D:4)
  Natasha (thrice) (D:4)
  3 adders
  3 ribbon worms
  5 orcs
  4 ball pythons
  3 endoplasms
  A giant cockroach (D:4)
  2 goblins
  4 hobgoblins
  A quokka (D:1)
  2 bats (D:1)
  A frilled lizard (D:1)
  A kobold (D:1)
  2 rats
38 creatures vanquished.

Notes
Turn   | Place    | Note
-------+----------+-------------------------------------------
     0 | D:1      | Flugslaktarn the Octopode Alchemist began the quest for the
                  | Orb.
     0 | D:1      | Reached XP level 1. HP: 11/11 MP: 3/3
   111 | D:1      | Found a faded altar of an unknown god.
   158 | D:1      | Reached XP level 2. HP: 17/17 MP: 3/5
   339 | D:3      | Reached skill level 4 in Alchemy
   409 | D:3      | Reached XP level 3. HP: 21/21 MP: 3/6
   444 | D:4      | Noticed an ogre
   522 | D:4      | Reached XP level 4. HP: 12/27 MP: 3/8
   533 | D:4      | Learned a level 4 spell: Olgreb's Toxic Radiance
   585 | D:4      | You fall into a shaft and drop 1 floor!
   585 | D:5      | Entered Level 5 of the Dungeon
   585 | D:5      | Found an ornate altar of the Wu Jian Council.
   609 | D:5      | Reached skill level 5 in Alchemy
   680 | D:4      | Noticed Natasha
   687 | D:3      | Reached XP level 5. HP: 24/31 MP: 4/9
   742 | D:4      | Killed Natasha
   756 | D:4      | Noticed an ogre
   776 | D:4      | Found a stormy altar of Qazlal.
   777 | D:4      | Found a shimmering altar of Xom.
   800 | D:4      | Noticed Natasha
   803 | D:4      | Killed Natasha
   804 | D:4      | Reached skill level 6 in Alchemy
   810 | D:4      | Reached XP level 6. HP: 36/36 MP: 3/11
   840 | D:4      | Noticed Natasha
   853 | D:4      | Killed Natasha
   883 | D:4      | Identified a scroll of acquirement
   890 | D:4      | Demolished by an ogre

Illustrated notes

Levels and vault maps discovered:
D:1:      spicycebolla_arrival_risky_transporter, layout_loops_ring,
          hellmonk_ecumenical_altar_lost_god
D:2:      layout_basic, serial_shops, nicolae_shop_window_shopping,
          nrook_mini_vaults, uniq_crazy_yiuf_cottage, uniq_terence
D:3:      layout_rooms, grunt_decor_mini_mirrors
D:4:      layout_cave_pools, gammafunk_temple_overflow_statue, hex_tiny,
          uniq_natasha
D:5:      layout_loops_ring, slow_altar_2, mainiacjoe_overflow_small_starburst,
          nicolae_overflow_hidden_temple, serial_bayou_lagoon_a, uniq_duvessa

Skill      XL: |  1  2  3  4  5 |
---------------+----------------+-----
Alchemy        | 4 5 6 |  6.2
Spellcasting   | 3 |  3.6
Dodging        | |  2.0
Stealth        | |  2.6
Conjurations   | |  1.0

Action                     |  1- 3 |  4- 6 || total
---------------------------+-------+-------++-------
  Melee: Unarmed           |     6 |       ||     6
         Tentacles         |     4 |     7 ||    11
         Constrict         |     5 |     3 ||     8
         Dagger            |     9 |    16 ||    25
         Punch             |     1 |       ||     1
   Cast: Sting             |    27 |    14 ||    41
         Olgreb's Toxic Ra |       |     7 ||     7
    Use: Potion            |       |     2 ||     2
         Scroll            |       |     1 ||     1
   Stab: Sleeping          |     1 |       ||     1
 Armour: Skin              |     9 |    12 ||    21
  Dodge: Dodged            |    20 |    12 ||    32

Table legend: (Time is in decaauts)
 A = Elapsed time spent in this place.
 B = Non-inter-level travel time spent in this place.
 C = Inter-level travel time spent in this place.
 D = Time resting spent in this place.
 E = Time spent auto-exploring this place.
 F = Levels seen in this place.
 G = Mean time per level.
                   A        B        C        D        E       F      G
               +--------+--------+--------+--------+--------+-----+--------+
         Total |    888 |    863 |     25 |      0 |    256 |   5 |  177.6 |
       Dungeon |    888 |    863 |     25 |      0 |    256 |   5 |  177.6 |
               +--------+--------+--------+--------+--------+-----+--------+

Top non-repeatable levels by time:
     D:4: 356 daAuts
     D:1: 208 daAuts
     D:3: 161 daAuts
     D:2: 132 daAuts
     D:5: 29 daAuts
